 Dungeon Crawl Stone Soup version 0.31.0-1-g2c135a008e (webtiles) character file.

Game seed: 2863533869996960052

367 qw the Shooter (level 7, 0/53 HPs)
             Began as a Djinni Hunter on Jan 24, 2024.
             Slain by a kobold
             ... wielding a +0 short sword
              (4 damage)
             ... on level 4 of the Dungeon.
             The game lasted 00:00:14 (3131 turns).

qw the Shooter (Djinni Hunter)                      Turns: 3131, Time: 00:00:15

Health: 0/53       AC:  5    Str: 10    XL:     7   Next: 1%
Gold:   77         EV: 11    Int: 11    God:
                   SH:  0    Dex: 18

rFire   + + +        a - +0 shortbow
rCold   x . .        (shield currently unavailable)
rNeg    . . .        f - +0 ring mail
rPois   inf          (no helmet)
rElec   .            (no cloak)
rCorr   +            (no gloves)
SInv    .            (boots unavailable)
Will    .....        g - amulet of regeneration
Stlth   +            h - ring of protection from fire
HPRegen 1.08/turn    j - ring of resist corrosion
MPRegen 0.00/turn

%: infuse magic (-1 HP)
@: flying
A: sickness immunity, fire resistance 2, cold vulnerability 1, float, innate
caster, HP casting, extra vitality 1
a: no special abilities


You were on level 4 of the Dungeon.
You visited 1 branch of the dungeon, and saw 4 of its levels.

You collected 209 gold pieces.
You spent 132 gold pieces at shops.


Innate Abilities, Weirdness & Mutations

You are immune to sickness and miasma.
You are immune to poison.
Your flesh is very heat resistant. (rF++)
You are vulnerable to cold. (rC-)
You float through the air rather than walking.
You learn spells naturally, not from books.
Your magical power is your life essence.
You have superior vitality. (+4 MHP)


   Skills:
 - Level 4.4 Fighting
 + Level 5.0 Ranged Weapons
 - Level 1.2 Armour
 - Level 3.1 Dodging
 - Level 0.7 Stealth


You knew the following spells:

 Your Spells              Type           Power      Damage    Failure   Level
a - Sting                 Conj/Alch      0%         1d3       65%         1
b - Mercury Vapours       Alch/Air       0%         N/A       80%         2
c - Passwall              Erth           0%         N/A       95%         3
Your spell library was empty.

Inventory:

Hand Weapons
 a - a +0 shortbow (weapon)
Armour
 f - a +0 ring mail (worn)
Jewellery
 g - an amulet of regeneration (around neck)
 h - a ring of protection from fire (left hand)
 j - a ring of resist corrosion (right hand)
Scrolls
 d - 2 scrolls of identify
Potions
 b - a potion of magic {unknown}
 c - a potion of enlightenment
 k - a potion of cancellation
 l - 2 potions of curing
 n - a potion of haste {unknown}

Dungeon Overview and Level Annotations

Branches:
Dungeon (4/15)
 Temple: D:4-7

Altars:
Dithmenos
Elyvilon
Fedhas
Hepliaklqana
Ru
Uskayaw
Xom

Shops:
D:3 !

Annotations:
D:4 1 runed translucent door


Message History

The kobold closely misses you. x2; The kobold hits you but does no damage. x3
You shoot an arrow. The arrow hits the kobold.
You kill the kobold!
The kobold barely misses you. The kobold hits you with a +0 dagger.
The kobold barely misses you. x3; The kobold hits you with a +0 whip.
The kobold barely misses you.
The kobold hits you but does no damage. x2
You shoot an arrow. The arrow closely misses the kobold.
The kobold hits you but does no damage. The kobold closely misses you.
The kobold barely misses you. The kobold hits you with a +0 dagger.
The kobold hits you but does no damage.
You shoot an arrow. The arrow hits the kobold.
The kobold is heavily wounded.
The kobold hits you but does no damage. The kobold barely misses you.
The kobold hits you but does no damage. The kobold hits you with a +0 dagger.
The kobold hits you but does no damage.
You shoot an arrow. The arrow hits the kobold.
You kill the kobold!
The kobold barely misses you. The kobold hits you but does no damage.
The kobold barely misses you. The kobold closely misses you.
You shoot an arrow.
The arrow hits the kobold but does no damage.
The kobold hits you with a +0 short sword.
The kobold closely misses you. x2; The kobold hits you but does no damage.
The kobold barely misses you. The kobold hits you but does no damage.
The kobold barely misses you. The kobold hits you but does no damage.
The kobold barely misses you. x2
You shoot an arrow. The arrow barely misses the kobold.
The kobold misses you.
The kobold hits you but does no damage. x3
The kobold closely misses you.
You shoot an arrow. The arrow barely misses the kobold.
The kobold hits you with a +0 short sword.
The kobold hits you but does no damage. The kobold hits you with a +0 dagger.
The kobold hits you with a +0 whip. The kobold hits you but does no damage.
You shoot an arrow. The arrow barely misses the kobold.
The kobold hits you with a +0 short sword.
The kobold hits you but does no damage. The kobold hits you with a +0 dagger.
The kobold hits you with a +0 whip. The kobold barely misses you.
The kobold hits you but does no damage. The kobold closely misses you.
The kobold hits you with a +0 short sword.
You die... .......%¤¤... ..........% ## ......... ##. ....... #.# ..... ###.# 7KK)77

#.... #KKK.# ######....
##77@K.# #.#..#.... #.7.7K##
#.#.###..# #77..7###.
##........# #P.P.# .P
#..##...... #77.7####.
#####....... #.)77 #PP#
#..###....).
.##.#7..####.P####.# ##.....
.........).#..##...###......
........##)#..###..##.......


You could see 7 kobolds.

Vanquished Creatures
  A kobold brigand (D:4)
  A scorpion (D:3)
  A bombardier beetle (D:4)
  4 gnolls (D:4)
  5 adders
  2 ribbon worms
  3 dart slugs
  9 orcs
  8 bats
  9 endoplasms
  A giant cockroach (D:4)
  4 goblins
  8 hobgoblins
  7 jackals
  3 quokkas
  5 ball pythons
  10 frilled lizards
  19 kobolds
  10 rats
110 creatures vanquished.

Notes
Turn   | Place    | Note
-------+----------+-------------------------------------------
     0 | D:1      | qw the Djinni Hunter began the quest for the Orb.
     0 | D:1      | Reached XP level 1. HP: 18/18 MP: 0/0
     0 | D:1      | 0 ||| qw: Version: 0.3-a-136-gdd3b4e8
     0 | D:1      | 0 ||| qw: Game counter: 1344
     0 | D:1      | 0 ||| qw: Melee chars always use a shield: true
     0 | D:1      | 0 ||| qw: God list: Okawaru
     0 | D:1      | 0 ||| qw: Allow faded altars: false
     0 | D:1      | 0 ||| qw: Do Orc after clearing Dungeon:15 true
     0 | D:1      | 0 ||| qw: Do second Lair branch before Depths: true
     0 | D:1      | 0 ||| qw: Lair rune preference: random
     0 | D:1      | 0 ||| qw: Goals: Normal
     0 | D:1      | 0 ||| PLANNING D:1-11
   197 | D:1      | Reached XP level 2. HP: 23/23 MP: 0/0
   363 | D:1      | Reached skill level 4 in Ranged Weapons
   363 | D:1      | Reached XP level 3. HP: 11/28 MP: 0/0
   363 | D:1      | Learned a level 1 spell: Sting
   774 | D:1      | 774 ||| UPGRADING to +0 ring mail.
   784 | D:1      | 784 ||| DROPPING +0 leather armour.
   785 | D:1      | 785 ||| READING scroll labelled YTOMUC EMPOUT.
   786 | D:1      | 786 ||| DROPPING scroll of butterflies.
   937 | D:2      | Reached skill level 1 in Armour
  1039 | D:2      | Reached XP level 4. HP: 14/34 MP: 0/0
  1347 | D:2      | Reached skill level 3 in Fighting
  1623 | D:2      | Found a faded altar of an unknown god.
  1793 | D:2      | 1793 ||| UPGRADING to amulet of regeneration.
  1798 | D:2      | 1798 ||| READING scroll labelled TYFEIVV FULOCE.
  1798 | D:2      | 1798 ||| IDENTIFYING red potion
  1799 | D:2      | 1799 ||| DRINKING 2 grey potions.
  1825 | D:2      | 1825 ||| DROPPING potion of lignification.
  2116 | D:3      | Found Epyfiq's Distillery.
  2121 | D:3      | 2121 ||| BUYING potion of cancellation (96 gold).
  2121 | D:3      | Bought a potion of cancellation for 96 gold pieces
  2121 | D:3      | 2121 ||| SHOPLISTING potion of cancellation (96 gold, have
                  | 47).
  2121 | D:3      | 2121 ||| BUYING potion of curing (36 gold).
  2121 | D:3      | Bought a potion of curing for 36 gold pieces
  2121 | D:3      | 2121 ||| SHOPLISTING potion of enlightenment (60 gold, have
                  | 11).
  2121 | D:3      | 2121 ||| SHOPLISTING potion of mutation (96 gold, have 11).
  2141 | D:3      | Noticed a scorpion
  2157 | D:3      | Killed a scorpion
  2158 | D:3      | Reached XP level 5. HP: 39/40 MP: 0/0
  2158 | D:3      | Learned a level 2 spell: Mercury Vapours
  2284 | D:3      | Found a shadowy altar of Dithmenos.
  2286 | D:3      | Found a sacrificial altar of Ru.
  2286 | D:3      | Found a blossoming altar of Fedhas.
  2290 | D:3      | Found a white marble altar of Elyvilon.
  2291 | D:3      | Found a shimmering altar of Xom.
  2293 | D:3      | Found a hazy altar of Hepliaklqana.
  2294 | D:3      | Found a hide-covered altar of Uskayaw.
  2308 | D:3      | Reached skill level 5 in Ranged Weapons
  2603 | D:3      | 2603 ||| UPGRADING to ring of protection from fire.
  2604 | D:3      | 2604 ||| UPGRADING to ring of resist corrosion.
  2605 | D:3      | 2605 ||| READING scroll of identify.
  2605 | D:3      | 2605 ||| IDENTIFYING metallic orange potion
  2606 | D:3      | 2606 ||| READING scroll labelled ENLUOKL JIUMM.
  2607 | D:3      | 2607 ||| READING scroll labelled GERUFY IHADI.
  2708 | D:3      | 2708 ||| READING scroll labelled CAISUMADO.
  2763 | D:4      | Reached XP level 6. HP: 46/46 MP: 0/0
  2777 | D:4      | HP: 10/46 [gnoll/+0 spear (6)]
  2778 | D:4      | 2778 ||| DRINKING potion of heal wounds.
  2784 | D:4      | Reached skill level 3 in Dodging
  2868 | D:4      | Found a runed translucent door.
  3117 | D:4      | Reached XP level 7. HP: 27/53 MP: 0/0
  3117 | D:4      | Learned a level 3 spell: Passwall
  3121 | D:4      | HP: 12/53 [kobold/+0 dagger (3)]
  3126 | D:4      | HP: 11/53 [kobold/+0 dagger (1)]
  3131 | D:4      | HP: 11/53 [kobold/+0 short sword (1)]
  3131 | D:4      | HP: 4/53 [kobold/+0 whip (5)]
  3131 | D:4      | Slain by a kobold

Levels and vault maps discovered:
D:1:      saegor_arrival_simple_d, layout_loops_ring
D:2:      layout_loops_ring, dilly_ecumenical_altar_fadedgnrine, uniq_jessica
D:3:      layout_basic, minitemple, serial_shops, nicolae_shop_statue_plus
D:4:      kennysheep_kobold_camp, layout_cave_pools, serial_park,
          serial_park_square2, serial_park_tiny_1, serial_park_tiny_1,
          hellmonk_ghost_happy_afterlife

Skill      XL: |  1  2  3  4  5  6 |
---------------+-------------------+-----
Ranged Weapons | 4 5 |  5.0
Armour         | 1 |  1.2
Fighting       | 3 4 |  4.4
Dodging        | 3 |  3.1
Stealth        | |  0.7

Action                     |  1- 3 |  4- 6 |  7- 9 || total
---------------------------+-------+-------+-------++-------
   Fire: Shortbow          |   109 |   242 |    15 ||   366
    Use: Scroll            |     1 |     5 |       ||     6
         Potion            |       |     2 |       ||     2
 Armour: Leather armour    |    15 |       |       ||    15
         Ring mail         |    33 |   127 |    53 ||   213
  Dodge: Dodged            |    35 |    98 |    40 ||   173

Table legend:
 A = Non-vault XP
 B = Vault XP
 C = Vault XP percentage of total XP
 D = Non-vault monster count
 E = Vault monster count
 F = Vault count percentage of total count
                 A         B        C        D         E       F
            +---------+---------+-------+---------+---------+-------
      Total |     408 |     117 |  22.3 |      96 |      14 |  12.7
            +---------+---------+-------+---------+---------+-------
        D:1 |      39 |       0 |   0.0 |      25 |       0 |   0.0
        D:2 |      71 |       0 |   0.0 |      28 |       0 |   0.0
        D:3 |     147 |       0 |   0.0 |      21 |       0 |   0.0
        D:4 |     151 |     117 |  43.7 |      22 |      14 |  38.9
            +---------+---------+-------+---------+---------+-------
